 Dungeon Crawl Stone Soup version 0.20.1-1-g8b1a95d (webtiles) character file.

16625 geeseburger the Bludgeoner (level 12, -3/99 HPs)
             Began as a Deep Dwarf Fighter on Oct 8, 2017.
             Was the Champion of Okawaru.
             Slain by a dream sheep (25 damage)
             ... on level 2 of the Lair of Beasts.
             The game lasted 00:49:24 (7624 turns).

geeseburger the Bludgeoner (Deep Dwarf Fighter)     Turns: 7624, Time: 00:49:25

Health: -3/99      AC: 18    Str: 24    XL:     12   Next: 11%
Magic:  10/10      EV:  8    Int: 15    God:    Okawaru [******]
Gold:   509        SH:  0    Dex: 12    Spells: 11/11 levels left

rFire    . . .     SeeInvis +   l - +6 flail (venom)
rCold    . . .     Gourm    .   n - +0 large shield
rNeg     . . .     Faith    .   B - +4 ring mail {rPois}
rPois    +         Spirit   .   K - +3 hat of Pondering {ponderous, MR+ MP+10 Int+5}
rElec    .         Reflect  .   J - +1 cloak {rPois}
rCorr    .         Harm     .   (no gloves)
MR       ++...                  r - +2 pair of boots
Stlth    +.........             (no amulet)
Regen    0.0/turn               y - +2 ring of slaying
MPRegen  0.2/turn               o - ring of see invisible

@: sleeping, non-regenerating, slow
A: damage resistance, heal wounds, sense surroundings 2, no regeneration
a: Heal Wounds, Heroism, Finesse, Renounce Religion


You were on level 2 of the Lair of Beasts.
You worshipped Okawaru.
Okawaru was exalted by your worship.
You were not hungry.

You visited 2 branches of the dungeon, and saw 10 of its levels.

You collected 509 gold pieces.

Inventory:

Hand Weapons
 a - a +2 flail
 l - a +6 flail of venom (weapon)
 q - a +4 shortbow of flaming
 u - a cursed -2 flail
 M - the +7 dire flail "Beetlebane" {freeze, *Rage +Inv rPois rN++, unknown}
   (Okawaru gifted it to you on level 2 of the Lair of Beasts)

   It has been specially enchanted to freeze those struck by it, causing extra
   injury to most foes and up to half again as much damage against particularly
   susceptible opponents.
   It can also slow down cold-blooded creatures.
   It protects you from poison.
   It greatly protects you from negative energy.
   It lets you turn invisible.
   It may make you go berserk in combat.
Missiles
 C - 2 javelins of returning (quivered)
Armour
 b - a +2 helmet
 n - a +0 large shield (worn)
 r - a +2 pair of boots (worn)
 z - a +0 cloak
 B - a +4 ring mail of poison resistance (worn)
 J - a +1 cloak of poison resistance (worn)
 K - the +3 hat of Pondering (worn) {ponderous, MR+ MP+10 Int+5}
   (You took it off Gastronok on level 1 of the Lair of Beasts)

   It affects your intelligence (+5).
   It affects your resistance to hostile enchantments.
   It affects your magic capacity (+10).
Jewellery
 o - a ring of see invisible (right hand)
 w - an uncursed ring of protection from cold
 y - a +2 ring of slaying (left hand)
 L - an uncursed ring of ice
Wands
 D - a wand of polymorph (11/24)
 E - a wand of digging (15/24)
Scrolls
 e - 3 scrolls of recharging
 h - 7 scrolls of remove curse
 p - 3 scrolls of teleportation
 A - 2 scrolls of fog
 G - a scroll of vulnerability {unknown}
 I - a scroll of summoning {unknown}
Potions
 d - 2 potions of might
 g - a potion of lignification {unknown}
 k - 2 potions of curing
 m - 2 potions of degeneration {unknown}
 s - 3 potions of flight
 t - 2 potions of haste {unknown}
 v - a potion of invisibility {unknown}
 x - 4 potions of berserk rage
Books
 F - a book of Changes

   Spells                             Type                      Level
   a - Beastly Appendage              Transmutation                1
   b - Sticks to Snakes               Transmutation                2
   c - Spider Form                    Transmutation/Poison         3
   d - Ice Form                       Ice/Transmutation            4
   e - Blade Hands                    Transmutation                5
 H - a book of Air

   Spells                             Type                      Level
   a - Shock                          Conjuration/Air              1
   b - Swiftness                      Charms/Air                   2
   c - Static Discharge               Conjuration/Air              3
   d - Airstrike                      Air                          4
   e - Lightning Bolt                 Conjuration/Air              5
Comestibles
 c - 2 meat rations
 f - 8 bread rations
 i - 25 fruits
 j - 4 royal jellies


   Skills:
 + Level 3.9 Fighting
 + Level 15.2 Maces & Flails
 + Level 4.6 Armour
 + Level 12.4 Shields


You had 11 spell levels left.
You didn't know any spells.

Dungeon Overview and Level Annotations

Branches:
Dungeon (8/15)             Temple (0/1) D:7            Lair (2/6) D:8
  Snake (0/4) Lair:2
  Swamp: Lair:2-4    Shoals: Lair:2-4

Altars:
Okawaru

Shops:
D:6 !


Innate Abilities, Weirdness & Mutations

You are resistant to damage.
You can heal yourself by infusing magical energy.
You passively map the area around you.
You do not regenerate.


Message History

The spiny frog closely misses you.
The dream sheep bites you but does no damage.
You sock the spiny frog!
The spiny frog is severely wounded.
The blink frog hits you but does no damage.
The spiny frog barely misses you.
Your shield prevents you from hitting the spiny frog.
The spiny frog is severely wounded.
You block the dream sheep's attack. x2; The dream sheep bites you.
The blink frog blinks!
The blink frog hits you but does no damage.
You hit the spiny frog.
The spiny frog is almost dead.
The spiny frog stings you!!
* * * LOW HITPOINT WARNING * * *
The blink frog blinks!
The dream sheep shake their wool and sparkle.
You feel drowsy...
You fall asleep.
The dream sheep bites you!!
You die...

#.....# ....... ....... .......
##.....###### ### ........##§P#
#.## ##########
.#.........#####..###.##...#.###
..#....†...§.##Y.§.............##
........§.....†F@Y..§..........#.
........<.......FYF..............
F......................#.........
.................................
Y........#.......................
##.F....#...##.#..#÷.......^.....
###§...######..#...........#....
* **#.. ##.#...P............ ≈ ,
##........P.........


You could see a spiny frog, 2 blink frogs and 3 dream sheep.

Vanquished Creatures
  Gastronok (Lair:1)
  Fannar (Lair:1)
  An ice dragon (Lair:2)
  A hydra (Lair:1)
  Erica (D:8)
  Sonja (Lair:1)
  Pikel (D:7)
  5 spiny frogs
  2 komodo dragons
  The ghost of matthes123 the Chopper, an amateur MiFi (D:3)
  A hornet (D:8)
  3 dream sheep (Lair:2)
  2 hippogriffs
  6 blink frogs
  18 yaks
  Menkaure (D:6)
  Edmund (D:5)
  5 porcupines
  4 ice beasts
  A sky beast (D:7)
  A black bear (D:6)
  A necrophage (D:6)
  4 ogres
  6 wolves (Lair:2)
  3 centaurs
  5 crocodiles
  3 bullfrogs
  A water moccasin skeleton (D:5)
  4 scorpions
  9 killer bees (D:8)
  An electric eel (Lair:2)
  A crimson imp (D:3)
  A quasit (D:6)
  4 hounds
  A jelly (D:8)
  A centaur zombie (D:8)
  3 orc wizards
  An orc priest (D:5)
  Jessica (D:3)
  Natasha (thrice) (D:2)
  An iguana (D:8)
  6 worker ants
  A hound zombie (D:7)
  12 adders
  A white imp (Lair:2)
  An ooze (D:1)
  6 worms
  11 dart slugs
  4 leopard geckos
  25 orcs
  4 giant cockroaches
  8 goblins
  6 hobgoblins
  8 kobolds
  2 quokkas
  3 ball pythons
  3 bats
  7 frilled lizards
  A quokka zombie (D:5)
  5 rats
  A butterfly (Lair:2)
  A plant (Lair:2)
228 creatures vanquished.

Vanquished Creatures (others)
  3 fungi
  A plant (D:8)
4 creatures vanquished.

Grand Total: 232 creatures vanquished

Notes
Turn   | Place    | Note
-------+----------+-------------------------------------------
     0 | D:1      | geeseburger the Deep Dwarf Fighter began the quest for the Orb.
     0 | D:1      | Reached XP level 1. HP: 20/20 MP: 1/1
   159 | D:1      | Reached XP level 2. HP: 27/27 MP: 2/2
   283 | D:1      | Reached skill level 3 in Maces & Flails
   635 | D:2      | Reached XP level 3. HP: 29/33 MP: 3/3
   681 | D:2      | Found an iron altar of Okawaru.
   692 | D:2      | Became a worshipper of Warmaster Okawaru
   824 | D:2      | Noticed Natasha
   841 | D:2      | Killed Natasha
   841 | D:2      | Reached skill level 4 in Maces & Flails
   841 | D:2      | Reached XP level 4. HP: 29/40 MP: 4/4
   979 | D:2      | Noticed Natasha
   992 | D:2      | Killed Natasha
  1022 | D:2      | Noticed Natasha
  1036 | D:2      | Killed Natasha
  1069 | D:2      | Reached XP level 5. HP: 46/46 MP: 4/4
  1218 | D:3      | Reached skill level 5 in Maces & Flails
  1234 | D:3      | Noticed matthes123's ghost (amateur MiFi)
  1255 | D:3      | Killed matthes123's ghost
  1255 | D:3      | Reached * piety under Okawaru
  1255 | D:3      | Reached skill level 6 in Maces & Flails
  1255 | D:3      | Reached skill level 5 in Shields
  1255 | D:3      | Reached XP level 6. HP: 46/55 MP: 5/5
  1289 | D:3      | Noticed Jessica
  1292 | D:3      | Killed Jessica
  1307 | D:3      | Reached ** piety under Okawaru
  1475 | D:3      | Reached XP level 7. HP: 56/61 MP: 5/5
  1582 | D:3      | Found a glowing drain.
  2020 | D:4      | Reached skill level 7 in Maces & Flails
  2464 | D:5      | Entered Level 5 of the Dungeon
  2605 | D:5      | Reached skill level 8 in Maces & Flails
  2625 | D:5      | Reached XP level 8. HP: 64/68 MP: 6/6
  3155 | D:5      | Noticed Edmund
  3170 | D:5      | Killed Edmund
  3466 | D:5      | Reached *** piety under Okawaru
  3470 | D:5      | Reached skill level 9 in Maces & Flails
  4031 | D:6      | Reached skill level 10 in Maces & Flails
  4031 | D:6      | Gained mutation: You passively map the area around you. [Deep Dwarf growth]
  4031 | D:6      | Reached XP level 9. HP: 74/74 MP: 7/7
  4126 | D:6      | Noticed Menkaure
  4132 | D:6      | Killed Menkaure
  4176 | D:6      | Found Laitwux's Distillery.
  4338 | D:7      | Reached **** piety under Okawaru
  4411 | D:7      | Noticed Pikel
  4423 | D:7      | Killed Pikel
  4520 | D:7      | Reached skill level 11 in Maces & Flails
  4530 | D:7      | Found a staircase to the Ecumenical Temple.
  5266 | D:8      | Reached ***** piety under Okawaru
  5294 | D:8      | Reached XP level 10. HP: 62/81 MP: 7/7
  5336 | D:8      | Reached skill level 12 in Maces & Flails
  5359 | D:8      | Found a staircase to the Lair.
  5592 | D:8      | Noticed Erica
  5605 | D:8      | Killed Erica
  5605 | D:8      | Reached skill level 10 in Shields
  5859 | Lair:1   | Entered Level 1 of the Lair of Beasts
  5956 | Lair:1   | Noticed Gastronok
  6004 | Lair:1   | Killed Gastronok
  6004 | Lair:1   | Received a gift from Okawaru
  6004 | Lair:1   | Reached skill level 13 in Maces & Flails
  6130 | Lair:1   | Noticed Sonja
  6145 | Lair:1   | Killed Sonja
  6145 | Lair:1   | Reached XP level 11. HP: 88/88 MP: 6/6
  6460 | Lair:1   | Noticed Fannar
  6478 | Lair:1   | Killed Fannar
  6582 | Lair:1   | Reached skill level 14 in Maces & Flails
  6727 | Lair:1   | Noticed a six-headed hydra
  6744 | Lair:1   | Killed a six-headed hydra
  7056 | Lair:2   | Reached ****** piety under Okawaru
  7062 | Lair:2   | Received a gift from Okawaru
  7069 | Lair:2   | Reached skill level 15 in Maces & Flails
  7076 | Lair:2   | Got a slimy dire flail {god gift}
  7383 | Lair:2   | Noticed an ice dragon
  7414 | Lair:2   | Killed an ice dragon
  7414 | Lair:2   | Reached XP level 12. HP: 56/99 MP: 1/1
  7563 | Lair:2   | Received a gift from Okawaru
  7624 | Lair:2   | Slain by a dream sheep

Skill      XL: |  1  2  3  4  5  6  7  8  9 10 11 |
---------------+----------------------------------+-----
Maces & Flails | 3 4 6 8 10 11 13 15 | 15.2
Shields        | 4 5 6 7 9 11 12 | 12.4
Fighting       | 3 |  3.9
Armour         | 4 |  4.6

Action                   |  1- 3 |  4- 6 |  7- 9 | 10-12 || total
-------------------------+-------+-------+-------+-------++-------
Melee: Flail             |    97 |   129 |   328 |   345 ||   899
Throw: Javelin           |     3 |     6 |    12 |     2 ||    23
Invok: Heroism           |       |       |       |     2 ||     2
 Abil: Heal Wounds       |       |     6 |     8 |    20 ||    34
  Use: Scroll            |     6 |     4 |    10 |     4 ||    24
       Potion            |       |       |       |    10 ||    10
  Eat: Bread ration      |       |     1 |     2 |       ||     3
       Fruit             |       |     1 |       |       ||     1
       Meat ration       |       |       |     1 |     1 ||     2
Armor: Scale mail        |    55 |    56 |    62 |       ||   173
       Ring mail         |       |       |    43 |   126 ||   169
Dodge: Dodged            |    13 |    14 |    38 |    80 ||   145
Block: Shield            |     7 |       |       |       ||     7
       Large shield      |    77 |   101 |   223 |   349 ||   750
